 Dungeon Crawl Stone Soup version 0.31-a0-1272-g9f703e4c1d (webtiles) character file.

Game seed: 2466290262534350701

115017 Bnni the Marksspriggan (level 15, 0/84 HPs)
             Began as a Spriggan Hunter on Dec 17, 2023.
             Was the Champion of Fedhas.
             Slain by a harpy (10 damage)
             ... on level 1 of the Shoals on Dec 18, 2023.
             The game lasted 01:04:57 (19453 turns).

Bnni the Marksspriggan (Spriggan Hunter)           Turns: 19453, Time: 01:04:58

Health: 0/84       AC:  9    Str:  7    XL:     15   Next: 65%
Magic:  19/24      EV: 42    Int: 12    God:    Fedhas [******]
Gold:   1645       SH:  0    Dex: 25    Spells: 12/14 levels left

rFire   . . .        Z - +1 orcbow (heavy)
rCold   + . .        (shield currently unavailable)
rNeg    . . .        k - +2 robe {rC+}
rPois   .            Q - +2 hat {Will+}
rElec   .            M - +2 cloak
rCorr   +            (gloves unavailable)
SInv    +            (boots unavailable)
Will    +++..        e - amulet of regeneration
Stlth   +++          x - ring of the Morning {*Corrode EV+5 Slay+5 SInv Stlth+}
HPRegen 1.14/turn    T - ring of resist corrosion
MPRegen 0.19/turn

%: corrode self (3%)
@: very quick
A: very small, no large weapons, unfitting armour, see invisible, speed 3
a: Renounce Religion, Wall of Briars, Grow Ballistomycete, Overgrow, Grow Oklob


You were on level 1 of the Shoals.
You worshipped Fedhas.
Fedhas was exalted by your worship.
You visited 5 branches of the dungeon, and saw 23 of its levels.
You also visited: Ossuary.

You collected 1947 gold pieces.
You spent 302 gold pieces at shops.

Inventory:

Hand Weapons
 W - the +9 dagger "Mahiqu" {drain, MP+9 Int+2 Dex+4}
   (You found it on level 1 of the Lair of Beasts)

   Int+2:     It affects your intelligence (+2).
   Dex+4:     It affects your dexterity (+4).
   MP+9:      It affects your magic capacity (+9).
 Z - a +1 heavy orcbow (weapon)
Missiles
 c - a throwing net
 N - 3 curare-tipped darts
Armour
 k - a +2 robe of cold resistance (worn)
 u - a scarf of resistance
 M - a +2 cloak (worn)
 Q - a +2 hat of willpower (worn)
Jewellery
 e - an amulet of regeneration (around neck)
 f - a ring of protection from cold
 x - the ring of the Morning (left hand) {*Corrode EV+5 Slay+5 SInv Stlth+}
   (You acquired it on level 2 of the Orcish Mines)

   [ring of evasion]

   EV+5:      It affects your evasion (+5).
   Slay+5:    It affects your accuracy & damage with ranged weapons and melee
   (+5).
   SInv:      It lets you see invisible.
   *Corrode:  It may corrode you when you take damage.
   Stlth+:    It makes you more stealthy.
 y - the ring of the Mage {Wiz Archmagi}
   (You found it on level 9 of the Dungeon)

   [ring of wizardry]

   Wiz:       It improves your spell success rate.
   Archmagi:  It increases the power of your magical spells.
 T - a ring of resist corrosion (right hand)
 U - a ring of fire
 V - a ring of ice
Wands
 G - a wand of mindburst (3)
 J - a wand of flame (12)
 K - a wand of digging (4)
 O - a wand of polymorph (14)
 S - a wand of roots (6)
 X - a wand of light (7)
 Y - a wand of paralysis (2)
Scrolls
 a - a scroll of brand weapon
 b - a scroll of butterflies
 d - 3 scrolls of summoning
 g - 7 scrolls of teleportation
 i - 5 scrolls of enchant armour
 m - 2 scrolls of fog {unknown}
 p - 3 scrolls of revelation
 q - 2 scrolls of amnesia
 s - 2 scrolls of silence
 t - 3 scrolls of immolation
 B - 5 scrolls of fear
 F - a scroll of blinking
 H - 6 scrolls of enchant weapon
 R - 4 scrolls of noise {unknown}
Potions
 h - 2 potions of berserk rage {unknown}
 j - 5 potions of haste
 l - 7 potions of might
 o - 3 potions of enlightenment
 r - 10 potions of heal wounds
 v - 4 potions of mutation {unknown}
 w - 6 potions of curing
 z - a potion of ambrosia
 A - 2 potions of attraction
 D - 3 potions of brilliance {unknown}
 E - 2 potions of cancellation {unknown}
 I - 2 potions of magic
 L - 2 potions of invisibility {unknown}
 P - a potion of resistance {unknown}


   Skills:
 + Level 11.7 Fighting
 - Level 18.0 Ranged Weapons
 + Level 17.5 Dodging
 - Level 1.5 Stealth
 + Level 1.1 Translocations
 + Level 11.9 Invocations


You had 12 spell levels left.
You knew the following spells:

 Your Spells              Type           Power      Damage    Failure   Level
a - Blink                 Tloc           4%         N/A       32%         2

Your spell library contained the following spells:

 Spells                   Type           Power      Damage    Failure   Level
 Foxfire                  Conj/Fire      0%         2x1d4     32%         1
 Necrotise                Necr           0%         1d4       32%         1
 Lesser Beckoning         Tloc           4%         N/A       32%         2
 Momentum Strike          Conj/Tloc      2%         3d8       38%         2
 Volatile Blastmotes      Fire/Tloc      2%         2d10      63%         3
 Dazzling Flash           Conj/Hex       0%         N/A       69%         3
 Ignite Poison            Fire/Tmut/Pois 0%         N/A       69%         3
 Summon Guardian Golem    Hex/Summ       0%         N/A       69%         3
 Vampiric Draining        Necr           0%         2d6       69%         3
 Animate Dead             Necr           0%         N/A       97%         4
 Sticky Flame             Conj/Fire      0%         2d3       97%         4
 Agony                    Necr           0%         N/A       100%        5
 Borgnjor's Vile Clutch   Necr/Erth      0%         N/A       100%        5
 Fireball                 Conj/Fire      0%         3d3       100%        5
 Silence                  Hex/Air        0%         N/A       100%        5
 Summon Forest            Summ/Tloc      0%         N/A       100%        5
 Summon Mana Viper        Hex/Summ       0%         N/A       100%        5
 Death Channel            Necr           0%         N/A       100%        6
 Starburst                Conj/Fire      0%         6d3       100%        6
 Summon Cactus Giant      Summ           0%         N/A       100%        6
 Orb of Destruction       Conj           0%         9d5       100%        7
 Spellforged Servitor     Conj/Summ      0%         N/A       100%        7
 Ignition                 Fire           0%         3d3       100%        8
 Maxwell's Capacitive Co  Air            0%         ∞         100%        8


Dungeon Overview and Level Annotations

Branches:
Dungeon (14/15)            Temple (1/1) D:7            Lair (5/5) D:11
 Shoals (1/4) Lair:2        Snake (0/4) Lair:2        Slime (0/5) Lair:5
    Orc (2/2) D:11            Elf (0/3) Orc:2       Ossuary (visited)
 Vaults: D:13-14

Altars:
Ashenzari
Cheibriados
Dithmenos
Elyvilon
Fedhas
Gozag
Hepliaklqana
Kikubaaqudgha
Makhleb
Nemelex Xobeh
Okawaru
Qazlal
Ru
Sif Muna
Trog
Uskayaw
Vehumet
Wu Jian
Xom
Yredelemnul
Zin
The Shining One
Lugonu

Shops:
D:1 [   D:3 [*((   Orc:1 (   Orc:2 [[[!   Shoals:1 =

Portals:
Abyss: Lair:5

Annotations:
D:10 Joseph


Innate Abilities, Weirdness & Mutations

You are very small and have problems with some larger weapons.
You are too small for most types of armour.
You have supernaturally acute eyesight. (SInv)
You cover ground extremely quickly. (Speed+++)


Message History

The harpy completely misses your briar patch.
The harpy claws your briar patch.
The skyshark bites the harpy.
The skyshark tastes blood and grows stronger!
The skyshark tail-slaps the harpy.
The skyshark closely misses the harpy.
The merfolk hits you from afar with a +0 trident!!
The harpy claws your briar patch. The harpy claws your briar patch!
The centaur warrior unwields a +0 orcbow.
The centaur warrior completely misses you. x2
Your ballistomycete spore explodes!
Fedhas protects your plant from harm.
The skyshark appears confused.
The explosion of spores engulfs the skyshark!
The skyshark is heavily wounded.
The harpy claws your briar patch but does no damage.
The harpy claws your briar patch. The manticore misses you. x2
The manticore completely misses you.
You walk carefully through the plants.
A nearby plant withers and dies.
The harpy claws your briar patch! The harpy claws your briar patch.
The harpy claws your briar patch but does no damage. x2
Your ballistomycete spore explodes!
The skyshark appears confused.
The explosion of spores engulfs the skyshark!!
The skyshark is almost dead.
The harpy is struck by your briar patch's thorns.
The harpy claws your briar patch. x2; The centaur warrior wields a +0 orcbow.
The centaur warrior shoots an arrow.
The arrow hits you!!
The merfolk hits you from afar with a +0 trident!!
* * * LOW HITPOINT WARNING * * *
The skyshark bites the harpy.
The skyshark enters a blood-rage!
The skyshark tail-slaps the harpy.
The skyshark tail-slaps the harpy!
Blink to where?
Press: ? - help, Dir - move target, p - harpy
As you read the scroll of blinking, it crumbles to dust.
The centaur warrior shoots an arrow.
The arrow completely misses you.
The skyshark rages.
A ballistomycete spore comes into view.
Unknown command.
The harpy misses you. The harpy claws you!
You die...
Fedhas appreciates your contribution to the ecosystem.

~~~~~≈≈≈≈≈~~..
~.~~~≈≈≈≈≈~P.
..~~≈≈≈≈≈~~~ ~
.~~~~~~~~~~# ~.
##~~~~~~~~~.##
~~.#..~~~~~~~~~.#
~~~~~.~~...~~~~.#
~~~~~~~@....~P..##
≈≈~~~~~.H##......
≈≈≈~~~PH†.H......
≈≈~~*~.........#
≈≈~~~~*.F†c....#
≈≈~~~~...H..PP.#
~~~~~~~....P.P.#
~~~~~~....†[PPm......
~~~~~~............P~.


You could see a skyshark (berserk, confused, ally target), a merfolk, a centaur
warrior, a manticore, 3 harpies, a friendly ballistomycete (summoned) and 2
friendly ballistomycete spores.

Vanquished Creatures
  Saint Roka (Orc:2)
  Jorgrun (D:12)
  Gastronok (D:9)
  Kirke (D:12)
  Nessos (D:11)
  An ettin (Orc:1)
  4 ogre magi (Orc:2)
  A centaur warrior (D:13)
  Fannar (D:10)
  The ghost of ChronoRanger the Grappler, a novice TrBe of Trog (D:9)
  6 hydras
  The ghost of Ratslayer the Fighter, a novice MiBe of Trog (D:8)
  A two-headed ogre (shapeshifter) (Lair:5)
  2 boulder beetles
  17 two-headed ogres
  Erica (D:8)
  2 thrashing horrors (Lair:5)
  Sonja (D:10)
  A skyshark (Lair:4)
  An obsidian statue (D:11)
  An orc knight (Orc:1)
  A harpy (shapeshifter) (D:13)
  A deep elf pyromancer (D:13)
  3 large abominations (Lair:5)
  3 ugly things
  A manticore (D:11)
  3 cyclopes
  Maurice (D:9)
  An orc sorcerer (Orc:2)
  20 elephants
  An ice statue (D:11)
  4 kobold blastminers
  A smoke demon (Lair:5)
  4 black mambas
  A molten gargoyle (Lair:5)
  8 cane toads
  Maggie (D:9)
  2 gargoyles
  2 unseen horrors
  4 rime drakes
  7 komodo dragons
  3 kobold demonologists
  5 trolls
  A troll (shapeshifter) (Lair:5)
  A merfolk (Lair:2)
  2 polar bears (Lair:4)
  A hornet (D:9)
  A wind drake (Shoals:1)
  Grinder (D:3)
  38 blink frogs
  2 raiju (Lair:5)
  3 dream sheep (Lair:5)
  6 slime creatures
  A spriggan (Lair:5)
  4 wyverns
  A shadow (D:13)
  A vampire (D:13)
  60 yaks
  3 hogs
  7 basilisks
  4 wargs
  2 steam dragons
  2 chaos spawn (Lair:5)
  3 vampire mosquitoes (D:13)
  A naga (Lair:2)
  2 acid dragons
  12 water moccasins
  5 ice beasts
  18 orc warriors
  A sky beast (D:8)
  A black bear (D:6)
  2 centaurs
  7 wolves
  26 ogres
  2 kobold brigands
  An elf zombie (D:6)
  17 bullfrogs
  A gnoll sergeant (D:9)
  9 scorpions
  12 small abominations (Lair:5)
  7 wights
  2 elf skeletons (D:6)
  13 killer bees
  3 electric eels (Lair:5)
  4 howler monkeys
  4 lava snakes (Lair:5)
  3 centaur zombies (Ossuary)
  2 quasits
  5 hounds
  4 jellies
  2 human zombies (Ossuary)
  11 orc priests
  An iron imp (D:5)
  Crazy Yiuf (D:6)
  Jessica (D:3)
  2 human skeletons (D:6)
  4 iguanas
  15 orc wizards
  7 scorpion zombies (Ossuary)
  6 hell rats (Lair:4)
  2 centaur simulacra (D:9)
  3 mummies (Ossuary)
  5 gnolls
  7 adders
  10 river rats (D:5)
  A shadow imp (D:7)
  4 white imps
  A howler monkey simulacrum (D:9)
  4 ufetubi
  2 worms (D:2)
  2 dart slugs (D:1)
  47 orcs
  7 ball pythons
  3 bats
  12 endoplasms
  4 giant cockroaches
  6 goblins
  2 hobgoblins
  8 jackals
  18 kobolds
  8 quokkas
  4 frilled lizards
  3 goblin zombies (Ossuary)
  A hobgoblin zombie (Ossuary)
  A kobold zombie (Ossuary)
  An orc skeleton (D:6)
  An orc zombie (Ossuary)
  21 rats
670 creatures vanquished.

Vanquished Creatures (collateral kills)
  A two-headed ogre (Orc:2)
  A harpy (Shoals:1)
  A cane toad (Lair:2)
  A komodo dragon (Lair:2)
  4 blink frogs
  Prince Ribbit (Lair:2)
  3 dream sheep (Lair:5)
  A small abomination (Lair:5)
  A wyvern (shapeshifter) (Lair:5)
  A yak (Lair:5)
  A basilisk (Lair:2)
  2 orc warriors (Orc:2)
  An ogre (Orc:2)
  3 orcs (Orc:2)
  28 ballistomycete spores
50 creatures vanquished.

Vanquished Creatures (others)
  A harpy (Shoals:1)
  An oklob plant (Lair:5)
2 creatures vanquished.

Grand Total: 722 creatures vanquished

Notes
Turn   | Place    | Note
-------+----------+-------------------------------------------
     0 | D:1      | Bnni the Spriggan Hunter began the quest for the Orb.
     0 | D:1      | Reached XP level 1. HP: 10/10 MP: 2/2
    74 | D:1      | Found Lenuur's Armour Shoppe.
   124 | D:1      | Reached XP level 2. HP: 15/15 MP: 3/3
   309 | D:1      | Reached XP level 3. HP: 18/18 MP: 4/4
   930 | D:2      | Reached XP level 4. HP: 23/23 MP: 5/5
  1283 | D:3      | Found Kuuqeebb's Weapon Shop.
  1308 | D:3      | Found an opulent altar of Gozag.
  1322 | D:3      | Noticed Grinder
  1362 | D:3      | Reached skill level 5 in Ranged Weapons
  1370 | D:3      | Paralysed by Grinder for 5 turns
  1380 | D:3      | Paralysed by Grinder for 2 turns
  1383 | D:3      | Killed Grinder
  1384 | D:3      | Reached XP level 5. HP: 28/28 MP: 6/6
  1384 | D:3      | Reached XP level 6. HP: 32/32 MP: 7/7
  1477 | D:3      | Found Xeode's Armour Shop.
  1502 | D:3      | Found Ruguavohuf's Assorted Antiques.
  1503 | D:3      | Noticed Jessica
  1515 | D:3      | Killed Jessica
  1516 | D:3      | Reached skill level 6 in Ranged Weapons
  1529 | D:3      | Found Ubring's Weapon Shoppe.
  1717 | D:3      | Bought a puce potion for 25 gold pieces
  1717 | D:3      | Bought a scroll labelled UCWYLOR CUQE for 28 gold pieces
  1717 | D:3      | Bought a scroll labelled ASOXKE UM ESON for 28 gold pieces
  1796 | D:4      | Found a stormy altar of Qazlal.
  1832 | D:4      | Reached skill level 5 in Dodging
  2544 | D:4      | Learned a level 2 spell: Blink
  2545 | D:5      | Entered Level 5 of the Dungeon
  2644 | D:5      | Noticed an ice beast
  2671 | D:5      | Killed an ice beast
  2672 | D:5      | Reached XP level 7. HP: 36/36 MP: 8/8
  2680 | D:5      | Found a snail-covered altar of Cheibriados.
  2744 | D:5      | Reached skill level 7 in Ranged Weapons
  3270 | D:5      | Reached XP level 8. HP: 42/42 MP: 9/9
  3814 | D:6      | Reached skill level 8 in Ranged Weapons
  3834 | D:6      | Found a sand-covered staircase.
  3869 | Ossuary  | Entered an ossuary
  4124 | Ossuary  | Reached skill level 9 in Ranged Weapons
  4147 | Ossuary  | Reached skill level 5 in Fighting
  4180 | Ossuary  | Reached XP level 9. HP: 47/47 MP: 10/10
  4510 | D:6      | Found a radiant altar of Vehumet.
  4605 | D:6      | Found a shadowy altar of Dithmenos.
  5057 | D:6      | Found a runed translucent door.
  5058 | D:6      | Noticed Crazy Yiuf
  5075 | D:6      | Killed Crazy Yiuf
  5343 | D:7      | Reached skill level 10 in Ranged Weapons
  5614 | D:7      | Found a staircase to the Ecumenical Temple.
  5621 | Temple   | Entered the Ecumenical Temple
  5634 | Temple   | Became a worshipper of Fedhas Madash
  5890 | D:7      | Found a basalt altar of Yredelemnul.
  5890 | D:7      | Found a burning altar of Makhleb.
  5898 | D:7      | Found an ancient bone altar of Kikubaaqudgha.
  6040 | D:7      | Found a faded altar of an unknown god.
  6042 | D:7      | Found a faded altar of an unknown god.
  6112 | D:7      | Identified a scroll of acquirement
  6377 | D:8      | Reached skill level 1 in Invocations
  6592 | D:8      | Noticed Erica
  6607 | D:8      | HP: 2/48 [constriction (2)]
  6690 | D:8      | Found a runed translucent gate.
  6690 | D:8      | Found a runed translucent gate.
  6690 | D:8      | Found a runed translucent gate.
  6690 | D:8      | Noticed Ratslayer's ghost (novice MiBe)
  6706 | D:8      | Reached XP level 10. HP: 53/53 MP: 12/12
  7242 | D:8      | Killed Erica
  7243 | D:8      | Reached skill level 11 in Ranged Weapons
  7836 | D:8      | Killed Ratslayer's ghost
  7837 | D:8      | Reached skill level 10 in Dodging
  8007 | D:9      | Found the ring of the Mage {Wiz Archmagi}
  8144 | D:9      | Reached * piety under Fedhas
  8232 | D:9      | Noticed ChronoRanger's ghost (novice TrBe)
  8243 | D:9      | Noticed Maurice
  8254 | D:9      | Noticed a two-headed ogre
  8262 | D:9      | Killed a two-headed ogre
  8274 | D:9      | Killed Maurice
  8303 | D:9      | Found a runed translucent gate.
  8303 | D:9      | Found a runed translucent gate.
  8303 | D:9      | Found a runed translucent gate.
  8343 | D:9      | Reached skill level 12 in Ranged Weapons
  8435 | D:9      | Noticed Maggie
  8458 | D:9      | Killed Maggie
  8459 | D:9      | Reached XP level 11. HP: 32/58 MP: 15/15
  8593 | D:9      | Noticed Gastronok
  8654 | D:9      | Killed Gastronok
  8933 | D:9      | Reached skill level 5 in Invocations
  9051 | D:9      | Identified the +1 pair of boots of the Devil {rElec SInv}
  9194 | D:9      | Killed ChronoRanger's ghost
  9267 | D:9      | Identified the +7 halberd "Huackixu" {heavy, rElec rPois
                  | rCorr Int-4}
  9282 | D:9      | Reached ** piety under Fedhas
  9299 | D:10     | Entered Level 10 of the Dungeon
  9323 | D:10     | Noticed Joseph
  9475 | D:10     | Noticed Fannar
  9596 | D:10     | Killed Fannar
  9597 | D:10     | Reached skill level 13 in Ranged Weapons
  9838 | D:10     | Noticed Sonja
  9854 | D:10     | Killed Sonja
  9947 | D:10     | Reached *** piety under Fedhas
 10403 | D:11     | Found a staircase to the Orcish Mines.
 10454 | D:11     | Noticed a two-headed ogre
 10464 | D:11     | Killed a two-headed ogre
 10480 | D:11     | Noticed a two-headed ogre
 10492 | D:11     | Killed a two-headed ogre
 10493 | D:11     | Reached XP level 12. HP: 64/64 MP: 17/17
 10790 | D:11     | Reached skill level 14 in Ranged Weapons
 10824 | D:11     | Noticed an eight-headed hydra
 10839 | D:11     | Killed an eight-headed hydra
 11006 | D:11     | Found a staircase to the Lair.
 11226 | D:12     | Noticed Kirke
 11273 | D:12     | Noticed Nessos
 11298 | D:12     | Noticed a two-headed ogre
 11332 | D:11     | Killed a two-headed ogre
 11344 | D:11     | Killed Nessos
 11471 | D:11     | Reached **** piety under Fedhas
 11582 | D:12     | Noticed Jorgrun
 11592 | D:12     | Noticed a two-headed ogre
 11595 | D:12     | Killed Jorgrun
 11603 | D:12     | Noticed a two-headed ogre
 11607 | D:12     | Killed a two-headed ogre
 11618 | D:12     | Killed a two-headed ogre
 11635 | D:12     | Killed Kirke
 11636 | D:12     | Reached skill level 15 in Ranged Weapons
 11766 | D:12     | Found an ornate altar of the Wu Jian Council.
 11845 | D:12     | Reached XP level 13. HP: 54/70 MP: 20/20
 13148 | Lair:1   | Entered Level 1 of the Lair of Beasts
 13305 | Lair:1   | Reached ***** piety under Fedhas
 13436 | Lair:1   | Identified the +9 dagger "Mahiqu" {drain, MP+9 Int+2 Dex+4}
 14277 | Lair:2   | Reached skill level 16 in Ranged Weapons
 14288 | Lair:2   | Found a staircase to the Snake Pit.
 14445 | Lair:2   | Found a staircase to the Shoals.
 14489 | Lair:2   | Noticed Prince Ribbit
 14546 | Lair:2   | Killed Prince Ribbit
 15592 | Lair:4   | Reached skill level 15 in Dodging
 15629 | Lair:4   | Reached XP level 14. HP: 76/76 MP: 22/22
 15686 | Lair:4   | Found a hazy altar of Hepliaklqana.
 15730 | Lair:4   | Reached skill level 10 in Fighting
 15984 | Lair:4   | Reached ****** piety under Fedhas
 16073 | Lair:4   | You fall into a shaft and drop 1 floor!
 16073 | Lair:5   | Entered Level 5 of the Lair of Beasts
 16214 | Lair:5   | Reached skill level 17 in Ranged Weapons
 16258 | Lair:5   | Reached skill level 10 in Invocations
 16438 | Lair:5   | Identified the +10 spear "Gatuulul" {elec, Str+4}
 17300 | Lair:5   | Reached XP level 15. HP: 81/81 MP: 24/24
 17316 | Lair:5   | Found a staircase to the Slime Pits.
 17360 | Lair:5   | Got the Atlas of Roasted Power
 17453 | Lair:5   | Found a corrupted altar of Lugonu.
 17453 | Lair:5   | Found a one-way gate to the infinite horrors of the Abyss.
 17471 | Lair:5   | Got an earthy gem
 18115 | Orc:1    | Entered Level 1 of the Orcish Mines
 18134 | Orc:1    | Reached skill level 18 in Ranged Weapons
 18152 | Orc:1    | Found Kat Zoik's Weapon Shoppe.
 18459 | Orc:2    | Entered Level 2 of the Orcish Mines
 18559 | Orc:2    | Noticed Saint Roka
 18584 | Orc:2    | Killed Saint Roka
 18755 | Orc:2    | Found a staircase to the Elven Halls.
 18994 | Orc:2    | Found Nagid's Distillery.
 18994 | Orc:2    | Found Dasyon Zixta's Antique Armour Emporium.
 18995 | Orc:2    | Found Xotisof's Armour Emporium.
 18995 | Orc:2    | Found Uwanlausto's Antique Armour Boutique.
 19002 | Orc:2    | Got a glittering gem
 19008 | Orc:2    | Bought a potion of heal wounds for 85 gold pieces
 19008 | Orc:2    | Bought a potion of curing for 51 gold pieces
 19008 | Orc:2    | Bought a potion of heal wounds for 85 gold pieces
 19287 | Orc:2    | Acquired the ring of the Morning {*Corrode EV+5 Slay+5 SInv
                  | Stlth+}
 19439 | Shoals:1 | Entered Level 1 of the Shoals
 19446 | Shoals:1 | Found Tyar's Jewellery Shoppe.
 19449 | Shoals:1 | Reached skill level 1 in Translocations
 19453 | Shoals:1 | Slain by a harpy

Illustrated notes

Levels and vault maps discovered:
D:1:      spicycebolla_green_bress_n_ham, layout_basic, serial_shops, shop,
          minmay_misc_feat_hallway
D:2:      layout_loops_ring
D:3:      layout_loops_ring, lemuel_crystal_altar, serial_shops, shop,
          nicolae_diamond_shop, nicolae_shop_waterfront,
          nicolae_shop_back_alley_shop, uniq_jessica, uniq_grinder
D:4:      layout_loops_cross, mainiacjoe_overflow_chevrons, grunt_ministairs_10
D:5:      lemuel_ratsnest, layout_basic, slow_altar_1, nicolae_zen_rock_garden,
          chequers_serial_rivers_large_a
D:6:      layout_loops_corners, overflow_temple_1_default,
          nicolae_dithmenos_shadow_blocks, nicolae_ossuary_entry_catacombs,
          uniq_crazy_yiuf_cottage
D:7:      layout_rooms, chequers_temple_overflow_minitemple, temple_green,
          serial_demonic, serial_demonic_d, serial_demonic_e, serial_demonic_c,
          serial_demonic_d, minmay_misc_feat_tower
D:8:      layout_gridville, ebering_ghost_rock_garden,
          minmay_misc_feat_four_crosses, minivault_11, uniq_erica
D:9:      layout_basic, gammafunk_ghost_icy, minmay_fractal_squares_diagonal_5,
          uniq_gastronok, uniq_maggie, uniq_maurice
D:10:     layout_small_grid, uniq_joseph, uniq_sonja, uniq_fannar
D:11:     minmay_separated_statues, layout_gridville, david_lair_shrubbed,
          orc_0_dummy
D:12:     layout_cave_pools, nzn_wu_jian_council_hall, uniq_jorgrun, uniq_kirke,
          uniq_nessos
D:13:     layout_gridville
D:14:     kennysheep_seaside_town, layout_loops_cross, david_vaults_2,
          hex_medium, serial_aquarium, aquarium_bridge_square
          [aquarium_subvault_bridge, aquarium_subvault_balcony,
          aquarium_subvault_wall, aquarium_subvault_bridge],
          aquarium_bridge_long_separate [aquarium_subvault_bridge,
          aquarium_subvault_wall, aquarium_subvault_bridge,
          aquarium_subvault_bridge, aquarium_subvault_window,
          aquarium_subvault_wall], aquarium_window_2, aquarium_window_fake,
          aquarium_window_2, aquarium_window_fake, aquarium_view_2e,
          aquarium_balcony_double_1
Temple:   dpeg_chambers_temple
Lair:1:   layout_chaotic_city, grunt_megastairs_1
Lair:2:   layout_roguey, elwin_shoals_entry_rooms, guppyfry_snake_entry_garden,
          uniq_prince_ribbit2
Lair:3:   layout_loops_ring
Lair:4:   layout_loops_ring, basic_altar
Lair:5:   hellmonk_lair_end_abyssal_woods, layout_gridlike, slime_entry_1,
          nicolae_lair_liquid_snakes
Shoals:1: layout_shoals, serial_shops, nicolae_shop_gaudy_bauble,
          nicolae_shop_clearance
Orc:1:    layout_caves, serial_shops, shop_fountains
Orc:2:    st_orc_ogre_mass, layout_diamond_mine, uniq_saint_roka

Skill      XL: |  1  2  3  4  5  6  7  8  9 10 11 12 13 14 15 |
---------------+----------------------------------------------+-----
Dodging        | 3 4 5 6 8 9 11 12 13 15 16 17 | 17.5
Fighting       | 2 3 4 5 6 7 8 9 10 11 | 11.7
Ranged Weapons | 5 6 7 9 10 12 13 15 16 17 18 | 18.0
Invocations    | 2 4 6 8 9 10 11 | 11.9
Translocations | 1 |  1.1
Stealth        | |  1.5

Action                     |  1- 3 |  4- 6 |  7- 9 | 10-12 | 13-15 || total
---------------------------+-------+-------+-------+-------+-------++-------
  Melee: Dagger            |       |       |       |    16 |     3 ||    19
         Punch             |       |       |       |     1 |       ||     1
   Fire: Shortbow          |   102 |   131 |   765 |   868 |       ||  1866
         Orcbow            |       |       |       |   409 |   728 ||  1137
         Arbalest          |       |       |       |       |   961 ||   961
  Throw: Throwing net      |       |       |       |     1 |       ||     1
         Dart              |       |       |       |     2 |     1 ||     3
 Invoke: Grow Ballistomyce |       |       |       |     1 |     4 ||     5
         Grow Oklob        |       |       |       |       |     5 ||     5
         Wall of Briars    |       |       |       |       |     4 ||     4
  Evoke: Wand              |       |       |       |    10 |       ||    10
    Use: Scroll            |       |       |    16 |     3 |     9 ||    28
         Potion            |       |       |     2 |     1 |     4 ||     7
   Stab: Paralysed         |       |       |       |     6 |       ||     6
 Armour: Robe              |    12 |     1 |   116 |   107 |   304 ||   540
         Steam dragon scal |       |       |       |    50 |       ||    50
  Dodge: Dodged            |    33 |    31 |   422 |   555 |  1313 ||  2354

Table legend: (Time is in decaauts)
 A = Elapsed time spent in this place.
 B = Non-inter-level travel time spent in this place.
 C = Inter-level travel time spent in this place.
 D = Time resting spent in this place.
 E = Time spent auto-exploring this place.
 F = Levels seen in this place.
 G = Mean time per level.
                   A        B        C        D        E       F      G
               +--------+--------+--------+--------+--------+-----+--------+
         Total |  13582 |  12940 |    642 |    272 |   7356 |  24 |  565.9 |
       Dungeon |   8681 |   8225 |    456 |    265 |   4767 |  14 |  620.1 |
        Temple |     17 |      3 |     14 |      0 |      0 |   1 |   17.0 |
          Lair |   3587 |   3449 |    138 |      7 |   2008 |   5 |  717.4 |
        Shoals |     13 |     13 |      0 |      0 |      0 |   1 |   13.0 |
  Orcish Mines |    881 |    849 |     32 |      0 |    475 |   2 |  440.5 |
       Ossuary |    400 |    400 |      0 |      0 |    104 |   1 |  400.0 |
               +--------+--------+--------+--------+--------+-----+--------+

Top non-repeatable levels by time:
  Lair:5: 1314 daAuts
     D:8: 1234 daAuts
     D:9: 1052 daAuts
    D:11: 866 daAuts
     D:5: 816 daAuts
     D:6: 714 daAuts
  Lair:2: 675 daAuts
    D:10: 627 daAuts
  Lair:4: 617 daAuts
   Orc:2: 613 daAuts
    D:13: 608 daAuts
     D:7: 579 daAuts
  Lair:1: 524 daAuts
     D:4: 508 daAuts
    D:12: 497 daAuts
